 Dungeon Crawl Stone Soup version 0.21.1-1-g345015f (webtiles) character file.

424 grindst0ne the Skirmisher (level 7, -1/60 HPs)
             Began as a Human Chaos Knight on Feb 24, 2018.
             Slain by an adder (3 damage)
             ... on level 4 of the Dungeon.
             The game lasted 00:09:28 (3692 turns).

grindst0ne the Skirmisher (Human Chaos Knight)      Turns: 3692, Time: 00:09:29

Health: -1/60      AC:  8    Str: 13    XL:     7   Next: 17%
Magic:  16/16      EV:  9    Int: 13    God:    Xom [..*...]
Gold:   211        SH:  0    Dex: 15    Spells: 6/6 levels left

rFire    + . .     SeeInvis +   r - +0 war axe (curse)
rCold    . . .     Gourm    .   (no shield)
rNeg     . . .     Faith    .   m - +0 scale mail
rPois    .         Spirit   .   (no helmet)
rElec    .         Reflect  .   (no cloak)
rCorr    .         Harm     .   k - +0 pair of gloves
MR       .....                  (no boots)
Stlth    ..........             (no amulet)
HPRegen  0.20/turn              e - ring of magical power
MPRegen  0.15/turn              (no ring)

@: no status effects
A: talons 1, see invisible, agile 1, fire resistance 1, shaggy fur 1
a: Renounce Religion


You were on level 4 of the Dungeon.
You worshipped Xom.
You were a toy of Xom.
You were very hungry.

You visited 1 branch of the dungeon, and saw 4 of its levels.

You collected 211 gold pieces.

Inventory:

Hand Weapons
 r - a cursed +0 war axe (weapon)
Armour
 d - a cursed +0 chain mail
 k - a +0 pair of gloves (worn)
 m - a +0 scale mail (worn)
Jewellery
 e - a ring of magical power (left hand)
 l - an uncursed ring of magical power
Scrolls
 j - a scroll of magic mapping
 n - 4 scrolls of remove curse
Potions
 b - a potion of mutation
 g - a potion of resistance
 o - a potion of magic
Comestibles
 c - 4 rations


   Skills:
 + Level 7.6 Fighting
 - Level 3.0 Axes
 - Level 2.0 Armour
 - Level 1.0 Dodging


You had 6 spell levels left.
You didn't know any spells.

Dungeon Overview and Level Annotations

Branches:
Dungeon (4/15)
 Temple: D:4-7

Altars:
Ashenzari
Gozag
Hepliaklqana

Annotations:
D:2 exclusion: downstairs
D:4 Ijyb, Pikel


Innate Abilities, Weirdness & Mutations

You have sharp toenails.
You have supernaturally acute eyesight. (SInv)
You are agile. (Dex +2)
Your flesh is heat resistant. (rF+)
You are covered in fur. (AC +1)


Message History

The howler monkey hoots and howls with incredible vigour!
The adder barely misses something.
Something hits Ijyb but does no damage.
Ijyb hits something but does no damage.
You hear a shout! x3; You hear an angry hiss.
Found a scroll of teleportation.
Your club misses the phantom. The adder completely misses your club.
Ijyb closely misses your club.
You aren't carrying any items that you can evoke.
Okay, then.
As you read the scroll of immolation, it crumbles to dust.
The creatures around you are filled with an inner flame!
Your club hits the phantom. The adder bites your club.
Ijyb barely misses your club.
Your club hits the phantom. The adder closely misses your club.
The phantom hits you.
* * * LOW HITPOINT WARNING * * *
The phantom blinks!
Ijyb completely misses your club.
Your club hits the phantom. The phantom misses your club. The adder bites you.
You die... "Huh?
Did I miss anything?"

*,,,,,,,,,,,,,,,,,,,,* *,,
*,,,,,,,,************* *,,
*,,,,,,*,* *,,
*,,,,,,*,******* *,,
*,,.<,,+,,,,,,,* *,,
*,,...,*,*****,* *,,
*,,....*,,,,,,,* *,,
*,,....###############*****
*>,.....?.@h.a........,,,,,
*,*####....S.#.......?,,,,,
*,****#.W(g..#........,,,,,
*,,,,,+......'........,,,,,
*,****#......#........,,,,,
*,* #......#........,,,,,
*,* #......#........,,,,,
*,* #......#........,,,,,
*,* ########.%......,,,,,


You could see a phantom (inner flame), Ijyb (inner flame), a howler monkey
(inner flame), a worker ant (inner flame), an adder (inner flame) and a friendly
club.

Vanquished Creatures
  The ghost of Autsider the Magician, an amateur DrWz (D:3)
  8 orc wizards
  Terence (D:3)
  3 adders
  An ooze (D:4)
  2 worms
  3 dart slugs (D:1)
  A leopard gecko (D:1)
  9 orcs (D:3)
  A giant cockroach (D:2)
  6 goblins
  3 hobgoblins
  3 jackals (D:3)
  A quokka (D:3)
  3 ball pythons
  10 bats
  A frilled lizard (D:2)
  A kobold (D:1)
  6 rats
64 creatures vanquished.

Vanquished Creatures (others)
  A giant cockroach (D:1)
  A frilled lizard (D:2)
2 creatures vanquished.

Grand Total: 66 creatures vanquished

Notes
Turn   | Place    | Note
-------+----------+-------------------------------------------
     0 | D:1      | grindst0ne the Human Chaos Knight began the quest for the Orb.
     0 | D:1      | Reached XP level 1. HP: 18/18 MP: 1/1
   109 | D:1      | XOM: harmless Necr miscast
   148 | D:1      | Reached XP level 2. HP: 18/24 MP: 2/2
   180 | D:1      | XOM: divination: detect creatures
   323 | D:1      | XOM: harmless Chrm miscast
   664 | D:2      | Reached skill level 4 in Fighting
   664 | D:2      | Reached XP level 3. HP: 24/30 MP: 3/3
   667 | D:2      | Found a hazy altar of Hepliaklqana.
   836 | D:2      | XOM: harmless Ice miscast
   994 | D:2      | XOM: silly message
  1144 | D:2      | Reached XP level 4. HP: 35/38 MP: 4/4
  1153 | D:2      | Found an opulent altar of Gozag.
  1351 | D:3      | Reached skill level 5 in Fighting
  1353 | D:3      | Reached XP level 5. HP: 34/44 MP: 5/5
  1384 | D:3      | XOM: silly message
  1385 | D:3      | XOM: harmless Conj miscast
  1455 | D:3      | XOM: polymorph orc -> adder
  1469 | D:3      | Reached skill level 6 in Fighting
  1581 | D:3      | Noticed Autsider's ghost (amateur DrWz)
  1595 | D:3      | XOM: enchant monster (good)
  1608 | D:3      | XOM: swap monsters
  1611 | D:3      | Reached XP level 6. HP: 26/52 MP: 6/6
  1631 | D:3      | XOM: summons 3 hostile demons
  1678 | D:2      | XOM: mild Summ miscast
  1688 | D:2      | HP: 2/52 [shadow imp[the capriciousness of Xom] (2)]
  1689 | D:2      | Gained mutation: You have supernaturally acute eyesight. (SInv) [potion of mutation]
  1689 | D:2      | Gained mutation: You have sharp toenails. [potion of mutation]
  1999 | D:3      | XOM: confuse monster(s)
  2043 | D:3      | XOM: swap monsters
  2071 | D:3      | HP: 1/52 [Autsider's ghost/magic dart (5)]
  2390 | D:3      | XOM: harmless Tloc miscast
  2395 | D:3      | XOM: blink monster(s)
  2661 | D:3      | XOM: cast spell 'Death Channel'
  3033 | D:3      | Found a shattered altar of Ashenzari.
  3076 | D:3      | Found a faded altar of an unknown god.
  3302 | D:3      | Noticed Terence
  3311 | D:3      | Killed Terence
  3351 | D:3      | XOM: give mutations
  3351 | D:3      | Gained mutation: You are agile. (Dex +2) [Xom's grace]
  3351 | D:3      | Gained mutation: You are covered in fur. (AC +1) [Xom's grace]
  3351 | D:3      | Gained mutation: Your flesh is heat resistant. (rF+) [Xom's grace]
  3436 | D:3      | XOM: divination: detect creatures
  3448 | D:3      | XOM: confuse monster(s)
  3449 | D:3      | XOM: potion effect (berserk rage)
  3455 | D:3      | Killed Autsider's ghost
  3455 | D:3      | Reached skill level 7 in Fighting
  3612 | D:4      | XOM: mild Hex miscast
  3648 | D:4      | XOM: noise
  3650 | D:4      | Reached XP level 7. HP: 59/60 MP: 7/7
  3658 | D:4      | Noticed Pikel
  3680 | D:4      | Noticed Ijyb
  3680 | D:4      | HP: 2/60 [Ijyb/club (4)]
  3690 | D:4      | HP: 1/60 [phantom (3)]
  3692 | D:4      | Slain by an adder

Skill      XL: |  1  2  3  4  5  6 |
---------------+-------------------+-----
Fighting       | 4 5 6 7 |  7.6
Axes           | |  3.0
Armour         | |  2.0
Dodging        | |  1.0

Action                   |  1- 3 |  4- 6 |  7- 9 || total
-------------------------+-------+-------+-------++-------
Melee: Hand axe          |    99 |    61 |       ||   160
       War axe           |       |   151 |    18 ||   169
       Kick              |       |    37 |     5 ||    42
  Use: Scroll            |       |     5 |     3 ||     8
       Potion            |       |     2 |       ||     2
  Eat: Chunk             |     1 |     4 |       ||     5
       Ration            |       |     1 |       ||     1
Armor: Leather armour    |    22 |       |       ||    22
       Scale mail        |    29 |   138 |    16 ||   183
Dodge: Dodged            |    58 |   109 |     6 ||   173
